 Dungeon Crawl Stone Soup version 0.22.0-81-g402daae900 (webtiles) character file.

2547 Gangrin the Spear-Bearer (level 9, -21/54 HPs)
             Began as a Tengu Skald on Sept 17, 2018.
             Was a Believer of the Shining One.
             Demolished by an ogre
             ... wielding a +0 giant club
              (30 damage)
             ... on level 8 of the Dungeon.
             The game lasted 00:53:39 (9794 turns).

Gangrin the Spear-Bearer (Tengu Skald)              Turns: 9794, Time: 00:53:40

Health: -21/54     AC:  4    Str: 15    XL:     9   Next: 56%
Magic:  10/14      EV: 14    Int: 15    God:    the Shining One [**....]
Gold:   505        SH:  0    Dex: 14    Spells: 9/12 levels left

rFire    . . .     SeeInvis .   z - +0 halberd
rCold    . . .     Gourm    .   (shield currently unavailable)
rNeg     + + .     Faith    .   t - +2 robe {rN+}
rPois    .         Spirit   .   (helmet restricted)
rElec    .         Reflect  .   (no cloak)
rCorr    .         Harm     .   (no gloves)
MR       .....                  (boots unavailable)
Stlth    +.........             (no amulet)
HPRegen  0.18/turn              (no ring)
MPRegen  0.14/turn              (no ring)

@: glowing
A: beak, talons 3, high mp 1, strong 1, able to fly 1
a: Fly, Divine Shield, Renounce Religion


You were on level 8 of the Dungeon.
You worshipped the Shining One.
The Shining One was pleased with you.
You were not hungry.

You visited 2 branches of the dungeon, and saw 9 of its levels.

You collected 505 gold pieces.

Inventory:

Hand Weapons
 a - a +0 spear
 e - a +0 hand axe
 h - a +1 hand axe of chopping
 i - a +0 shortbow
 j - a +3 shortbow
 k - a +0 hunting sling
 n - a +4 great sword
 r - a +0 dagger of venom
 v - a +2 mace of protection
 z - a +0 halberd (weapon)
 A - a +1 vampiric trident
 D - a +0 club
 F - a +1 hand axe
Missiles
 l - 96 arrows
Armour
 b - a +0 leather armour
 f - a +0 scale mail
 g - a +1 chain mail of poison resistance
 o - the cursed -4 buckler "Baptez" {Slay+2, unknown}
   (You found it on level 7 of the Dungeon)

   It affects your accuracy and damage with ranged weapons and melee attacks
   (+2).
   It has a curse placed upon it.
 t - a +2 robe of positive energy (worn)
Jewellery
 w - an uncursed ring of stealth
Wands
 x - a wand of disintegration (19)
 B - a wand of digging (19)
Scrolls
 c - a scroll of amnesia
 m - a scroll of enchant weapon {unknown}
 q - 3 scrolls of remove curse
 s - 2 scrolls of fear {unknown}
 u - a scroll of blinking {unknown}
 y - a scroll of fog {unknown}
Potions
 p - a potion of might {unknown}
 C - a potion of ambrosia {unknown}
 E - a potion of experience {unknown}
Comestibles
 d - 5 rations
 G - 5 chunks of flesh


   Skills:
 + Level 5.2 Fighting
 + Level 8.6 Polearms
 + Level 2.3 Bows
 + Level 8.0 Armour
 + Level 3.8 Dodging
 - Level 0.5 Stealth
 + Level 2.1 Spellcasting
 + Level 3.3 Charms


You had 9 spell levels left.
You knew the following spells:

 Your Spells              Type           Power        Failure   Level  Hunger
a - Infusion              Chrm           ##..         6%          1    #......
b - Shroud of Golubria    Chrm/Tloc      #.........   17%         2    ###....

Your spell library contained the following spells:

 Spells                   Type           Power        Failure   Level  Hunger
 Song of Slaying          Chrm           ##......     9%          2    ###....
 Animate Skeleton         Necr           N/A          22%         1    #......
 Pain                     Necr           #...         22%         1    #......
 Regeneration             Chrm/Necr      #.........   32%         3    ###....
 Spectral Weapon          Hex/Chrm       #.......     32%         3    ###....
 Vampiric Draining        Necr           #.........   54%         3    ###....
 Animate Dead             Necr           N/A          91%         4    #####..


Dungeon Overview and Level Annotations

Branches:
Dungeon (8/15)             Temple (1/1) D:5
   Lair: D:8-11

Altars:
Ashenzari
Cheibriados
Dithmenos
Elyvilon
Fedhas
Gozag
Hepliaklqana
Kikubaaqudgha
Makhleb
Okawaru
Ru
Sif Muna
Trog
Uskayaw
Vehumet
Wu Jian
Xom
Yredelemnul
Zin
The Shining One

Shops:
D:4 ::


Innate Abilities, Weirdness & Mutations

You have a beak for a mouth.
You have claws for feet.
You can fly.
You have an increased reservoir of magic. (+10% MP)
Your muscles are strong. (Str +2)


Message History

The Shining One accepts your kill.
You feel better.
You feel your power returning.
A centaur comes into view.
You puncture the orc!!
You kill the orc!
You see here a stone.
You are no longer magically infusing your attacks.
You see here a stone.
You start resting.
The ogre is too close now for your liking.
The ogre closely misses you.
You slice the ogre!! You claw the ogre, but do no damage. You peck the ogre.
The ogre is almost dead.
The ogre hits you with a giant club!!
* * * LOW HITPOINT WARNING * * *
You hit the ogre. You peck the ogre, but do no damage.
The ogre is almost dead.
The ogre hits you with a giant club!!
Ouch! That really hurt!
You die...

#.# #.# #.#
#[##.##.#
#.#.#.#####
#.........
##)####### #)#
#c#
#.###########O##
#.....))†))(@((#
###########†##.#
#.# .# #.# .#
#.# .# #.# .#
#.# .# #.# .#
#.#


You could see an ogre and a centaur.

Vanquished Creatures
  A hippogriff (D:7)
  3 phantoms
  3 centaurs
  3 ogres
  A big kobold (D:8)
  2 bullfrogs
  A scorpion (D:7)
  Dowan (D:7)
  5 wights (D:7)
  A howler monkey (D:7)
  4 crimson imps (D:5)
  The ghost of topfpfpflanze the Skirmisher, a weakling VSFi (D:3)
  A bullfrog zombie (D:5)
  7 orc priests
  A hound (D:5)
  4 orc wizards
  Jessica (D:3)
  An iguana (D:7)
  5 worker ants
  A killer bee zombie (D:7)
  A hound skeleton (D:4)
  10 gnolls
  A howler monkey skeleton (D:8)
  11 adders
  A shadow imp (D:5)
  3 adder skeletons
  3 worms
  A dart slug (D:1)
  5 leopard geckos
  15 orcs
  4 bats
  8 giant cockroaches
  4 goblins
  8 hobgoblins
  4 jackals (D:3)
  A quokka (D:7)
  A ball python (D:1)
  5 frilled lizards
  16 kobolds
  A quokka skeleton (D:4)
  A quokka zombie (D:5)
  8 rats
  A butterfly (D:5)
  A withered plant (D:4)
161 creatures vanquished.

Notes
Turn   | Place    | Note
-------+----------+-------------------------------------------
     0 | D:1      | Gangrin the Tengu Skald began the quest for the Orb.
     0 | D:1      | Reached XP level 1. HP: 12/12 MP: 4/4
   155 | D:1      | Reached XP level 2. HP: 17/17 MP: 6/6
   688 | D:1      | Reached XP level 3. HP: 20/21 MP: 5/7
   777 | D:2      | Found a blossoming altar of Fedhas.
  1327 | D:2      | Reached XP level 4. HP: 5/26 MP: 8/8
  2406 | D:3      | Gained mutation: You can fly. [Tengu growth]
  2406 | D:3      | Reached XP level 5. HP: 29/30 MP: 9/9
  2421 | D:3      | Noticed Jessica
  2430 | D:3      | Killed Jessica
  2722 | D:3      | Found a runed gate.
  2723 | D:3      | Found a runed gate.
  2723 | D:3      | Found a runed gate.
  2724 | D:3      | Noticed topfpfpflanze's ghost (weakling VSFi)
  2728 | D:3      | Found an opulent altar of Gozag.
  2736 | D:3      | Killed topfpfpflanze's ghost
  3192 | D:4      | Noticed a phantom
  3211 | D:4      | Reached XP level 6. HP: 16/36 MP: 10/10
  3256 | D:4      | HP: 1/36 [phantom (5)]
  3607 | D:4      | Found a glowing golden altar of the Shining One.
  3615 | D:4      | Became a worshipper of the Shining One
  3742 | D:4      | Killed a phantom
  3807 | D:4      | Found an ancient bone altar of Kikubaaqudgha.
  3861 | D:4      | Found Avvant's Book Shoppe.
  3981 | D:4      | Found Vaoril's Book Shop.
  4052 | D:4      | Gained mutation: Your muscles are strong. (Str +2) [potion
                  | of mutation]
  4052 | D:4      | Gained mutation: You tend to lose your temper in combat.
                  | [potion of mutation]
  4052 | D:4      | Lost mutation: You tend to lose your temper in combat.
                  | [potion of mutation]
  4052 | D:4      | Gained mutation: You have an increased reservoir of magic.
                  | (+10% MP) [potion of mutation]
  4478 | D:4      | Reached XP level 7. HP: 12/40 MP: 12/12
  4915 | D:5      | Entered Level 5 of the Dungeon
  5281 | D:5      | Reached skill level 5 in Armour
  5640 | D:5      | Reached skill level 5 in Polearms
  5811 | D:5      | Reached * piety under the Shining One
  5842 | D:5      | Found a staircase to the Ecumenical Temple.
  6043 | Temple   | Entered the Ecumenical Temple
  6335 | D:5      | Reached XP level 8. HP: 46/48 MP: 13/13
  6613 | D:5      | Reached skill level 1 in Bows
  7279 | D:7      | Noticed a hippogriff
  7319 | D:7      | Killed a hippogriff
  7335 | D:7      | The Shining One protects you from harm!
  7347 | D:7      | HP: 2/48 [phantom (2)]
  7866 | D:7      | Got a translucent buckler
  7944 | D:7      | Reached XP level 9. HP: 45/53 MP: 14/14
  7999 | D:7      | Reached skill level 5 in Fighting
  8491 | D:7      | Learned a level 2 spell: Shroud of Golubria
  8631 | D:7      | HP: 1/54 [something (10)]
  8726 | D:7      | Reached ** piety under the Shining One
  8864 | D:7      | Noticed Dowan
  8887 | D:7      | Killed Dowan
  9794 | D:8      | Demolished by an ogre

Skill      XL: |  1  2  3  4  5  6  7  8  9 |
---------------+----------------------------+-----
Charms         | 3 |  3.3
Armour         | 2 3 4 5 7 8 |  8.0
Polearms       | 3 4 5 7 8 |  8.6
Dodging        | 3 |  3.8
Fighting       | 3 4 5 |  5.2
Bows           | 2 |  2.3
Stealth        | |  0.5
Spellcasting   | |  2.1

Action                   |  1- 3 |  4- 6 |  7- 9 || total
-------------------------+-------+-------+-------++-------
Melee: Spear             |   118 |   236 |   318 ||   672
       Peck              |    14 |    45 |    75 ||   134
       Kick              |    24 |    71 |   119 ||   214
       Halberd           |       |       |    83 ||    83
 Fire: Shortbow          |       |       |    17 ||    17
 Cast: Infusion          |       |       |     3 ||     3
       Shroud of Golubri |       |       |     1 ||     1
  Use: Potion            |     1 |     4 |     9 ||    14
       Scroll            |     1 |       |     4 ||     5
  Eat: Ration            |     1 |     1 |     4 ||     6
       Chunk             |       |     4 |     4 ||     8
Armor: Leather armour    |     5 |       |       ||     5
       Chain mail        |   110 |   102 |   216 ||   428
       Skin              |       |    11 |       ||    11
       Robe              |       |       |    12 ||    12
Dodge: Dodged            |    54 |    54 |   155 ||   263
